← All builds
Front / Armada / Economy first / OBSERVED BUILD

Standard front

Armada Front build order · Supreme Isthmus

Economy-first opening with Bot Lab and Vehicle Plant up almost immediately, units trickle out as Blitz, Rocketeer, Pawn and Janus to hold the wider gap and feed the middle fight, the role's normal job.

#eco · 1796 distinct matches · 263 players · 74% of Armada Front games · team won 60% of 2095 · Recently observed

HOW TO PLAY IT

Key timing: T2 constructor by 7:43

  1. Open mex and wind, drop Bot Lab and Vehicle Plant almost immediately.
  2. Pump Blitz, Rocketeer and Pawn to the coast to stop leaks first.
  3. Add Centurion and Janus once first units are moving up.
  4. Form units into a line pushing toward middle as numbers grow.
  5. Upgrade to Advanced Metal Extractor as the economy transition kicks in.

Phase by phase

TYPICAL OF ITS 1796 GAMES
  1. 1
  2. 2
  3. 3
PLAY THE OPENING

Follow the example game's first 6:00 step by step: what to build now, what comes next, and where it goes. At 1× it keeps pace with your own game.

  1. 1

    Up to the Bot Lab

    Economy
    • Metal Extractor2Mex
    Order
    1. Bot LabBot Lab after 2 mex, 1 winddone ~0:44, middle half 0:33–0:58

    Some games also: wind (48%) · Vehicle Plant (36%)

    By 0:28 in all: 2 mex

    The example game in this phase · 2 steps
    1. Mex ×2
    2. Wind ×2
  2. 2

    Bot Lab to 5:00

    Economy
    • Metal Extractor4Mex
    • Wind Turbine3Wind
    Builders
    • Construction Bot1 Con bot
    Army
    • Sentry1 Sentry
    • Rocketeer6 Rocketeer

    Some games also: Lazarus (49%) · tick (46%) · centurion (40%) · Radar Tower (32%) · con vehicle (31%)

    By 5:00 in all: 6 mex · 6 wind

    The example game in this phase · 33 steps
    1. Vehicle PlantVehicle Plantdone 0:48 · typical 0:47
    2. RoverScout
    3. Construction VehicleCon vehicle
    4. Wind ×2
    5. Construction VehicleCon vehicle
    6. Mex
    7. RoverScout
    8. Con turret
    9. RoverScout ×2
    10. Mex
    11. RoverScout ×2
    12. JanusJanus ×2
    13. Wind
    14. Mex ×2
    15. Wind
    16. Dragon's TeethDragon's Teeth ×4
    17. JanusJanus
    18. SentrySentry
    19. Wind
    20. SentrySentry ×2
    21. Wind
    22. JanusJanus
    23. Wind
    24. SentrySentry
    25. Wind
    26. JanusJanus
    27. BeamerBeamer
    28. Wind
    29. WhistlerMissile truck
    30. Wind
    31. WhistlerMissile truck
    32. Con turret
    33. WhistlerMissile truck ×4
  3. 3

    5:00 to 10:00

    Economy
    • Metal Extractor1Mex
    • Wind Turbine14Wind
    Builders
    • Construction Turret2 Con turret
    Army
    • Sentry1 Sentry

    Some games also: rocketeer (46%) · energy storage (43%) · Lazarus (38%) · con bot (38%) · Radar Tower (36%)

    By 10:00 in all: 7 mex · 24 wind · 1 energy storage · 3 con turret

    The example game in this phase · 30 steps
    1. WhistlerMissile truck
    2. BeamerBeamer
    3. WhistlerMissile truck ×3
    4. Sneaky PeteSneaky Pete
    5. WhistlerMissile truck ×3
    6. Construction VehicleCon vehicle
    7. Wind
    8. Mex
    9. WhistlerMissile truck
    10. Wind
    11. Dragon's TeethDragon's Teeth
    12. Con turret
    13. Dragon's TeethDragon's Teeth ×4
    14. WhistlerMissile truck
    15. Construction VehicleCon vehicle
    16. Wind ×2
    17. GauntletGauntletdone 8:12
    18. Construction VehicleCon vehicle
    19. NettleNettle
    20. Wind ×2
    21. Con turret ×2
    22. Wind ×21
    23. Con turret
    24. Wind ×2
    25. Advanced Vehicle PlantAdvanced Vehicle Plantnot finished by 15:00
    26. Wind
    27. Con turret
    28. Wind ×2
    29. Con turret
    30. Wind ×4

Counts are medians over the build's games: half of them build more, half fewer. The example game is malleking's (33 OS, 15/10/2026); pick another.

Team trades

IN AT LEAST 30% OF ITS GAMES

You hand over

Nothing regular.

You get

  • Tidal Generator4 Tidal from Pondfirst at 0:17 · in 68% of games
  • Advanced Construction Bot1 T2 con bot from Geo or Techfirst at 7:24 · in 64% of games

How it plays out

Typical game of this build, running totals by minute

Metal produced

010k20k30k
0:005:0010:0015:00

metal

Enemy metal destroyed

05k10k
0:005:0010:0015:00

metal

Own metal lost

05k10k
0:005:0010:0015:00

metal

2095 games.

Show as table
ByMetal produced: This buildEnemy metal destroyed: This buildOwn metal lost: This build
1:0033300
2:008422131
3:001619135108
4:002699522333
5:0038461123782
6:00503419191415
7:00626327142288
8:00754935453155
9:00899743254047
10:001057750144770
11:001240955315544
12:001454659976391
13:001692364836985
14:001928772557830
15:002195778948702
WHAT THE NUMBERS SAY

Standard Front play wins more often than Suicide front and produces more metal by 15:00 while losing less of it.

  • + Metal produced reaches 22627 by 15:00, well above Suicide front's 20142.
  • + Own metal lost is 8944 by 15:00, lower than enemy metal destroyed ratio of Suicide front.
  • − First unit lost already at 1:43, showing exposure despite the safer position.
  • − Blitz dominates army share at 25%, leaving fewer Centurion for anti-swarm.
THE EXAMPLE YOU ARE READING

malleking

32.7 OS · 15/10/2026

Open source match ↗

4 received units
76 metal received · 9800 energy received

Allied construction assistance is unknown. Timings are observations, not a promise of solo reproducibility.

Typical milestones

Bot Lab0:44Middle 50%: 0:33–0:58 · n=1409
Vehicle Plant0:47Middle 50%: 0:41–1:14 · n=1348
Advanced Metal Extractor9:01Middle 50%: 8:09–10:15 · n=1641

Played most by

haaven109games of this buildHummell108games of this buildLeohvm97games of this buildTheGeneraI77games of this buildXad69games of this build
Standard front · Armada Front build order · BAR Build Atlas